AoeStats
← chenya_ko

Arabia

509640470Analyzed
1v1 RM · 6d ago on Sep 27, 2026· 14m 16s· 2 players
Game mode
Random Map
Map size
Tiny (2 player)
Population
200
Speed
Normal
Resources
Standard
Victory
Conquest
Starting age
Dark Age
Ending age
Imperial Age
RankedLock teamsTeams togetherTeam positionsShared explorationLock speedFull tech treeHidden civsTurbo modeCheats
Victory
Defeat
🇹🇼 Japanese · Taiwan
1139
+15
🇦🇷 Danes · Argentina
1108
-15
| CZK | - Yamil62 -
6:05 Loom
9:06 Feudal Age
9:36 Double-Bit Axe
9:24 Man-at-Arms
13:42 Double-Bit Axe
chenya_ko
2:04 Loom
9:43 Feudal Age
10:14 Man-at-Arms
13:20 Fletching
Connection lost

Rejoining the realm…

Still unreachable

The connection could not be restored.

Session expired

The server has moved on; the page needs a fresh start.